 Dungeon Crawl Stone Soup version 0.26-a0-546-g3c2127501a (webtiles) character file.

Game seed: 17615278211222901329

162 Errates the Digger (level 5, 0/28 HPs)
             Began as a Gargoyle Earth Elementalist on Aug 19, 2020.
             Slain by an ogre
             ... wielding a +0 giant spiked club
              (14 damage)
             ... on level 3 of the Dungeon.
             The game lasted 00:06:15 (3511 turns).

Errates the Digger (Gargoyle Earth Elementalist)    Turns: 3511, Time: 00:06:16

Health: 0/28       AC:  7    Str: 11    XL:     5   Next: 43%
Magic:  3/10       EV: 12    Int: 17    God:
Gold:   141        SH:  0    Dex: 10    Spells: 7/11 levels left

rFire    . . .     SeeInvis .   l - +2 flail
rCold    . . .     Faith    .   (no shield)
rNeg     + . .     Spirit   .   c - +1 robe
rPois    ∞         Reflect  .   (no helmet)
rElec    +         Harm     .   (no cloak)
rCorr    .                      (no gloves)
MR       .....                  (no boots)
Stlth    ++........             (no amulet)
HPRegen  0.09/turn              (no ring)
MPRegen  0.12/turn              (no ring)

@: very slightly contaminated
A: negative energy resistance 1, electricity resistance, unbreathing,
petrification resistance, rot immunity, AC +4
a: no special abilities


You were on level 3 of the Dungeon.
You visited 1 branch of the dungeon, and saw 3 of its levels.

You collected 141 gold pieces.

Inventory:

Hand Weapons
 d - a +0 dagger
 l - a +2 flail (weapon)
Missiles
 b - 114 stones (quivered)
Armour
 c - a +1 robe (worn)
Scrolls
 e - 2 scrolls of identify
 g - 4 scrolls of remove curse
Potions
 a - 2 potions of heal wounds
 f - a potion of stabbing
 h - a potion of ambrosia


   Skills:
 - Level 1.5 Dodging
 - Level 2.1 Stealth
 + Level 3.7 Spellcasting
 + Level 1.2 Conjurations
   Level 0.7 Transmutations
 + Level 5.5 Earth Magic


You had 7 spell levels left.
You knew the following spells:

 Your Spells              Type           Power        Failure   Level
a - Sandblast             Erth           ###...       1%          1
b - Stone Arrow           Conj/Erth      ##....       12%         3

Your spell library contained the following spells:

 Spells                   Type           Power        Failure   Level
 Passwall                 Tmut/Erth      ##......     7%          2
 Petrify                  Tmut/Erth      ##......     41%         4
 Lee's Rapid Deconstruct  Erth           ###.......   43%         5


Dungeon Overview and Level Annotations

Branches:
Dungeon (3/15)

Altars:
Yredelemnul


Innate Abilities, Weirdness & Mutations

You are resistant to torment.
Your stone body is resilient. (AC +4)
You are immune to poison.
You resist negative energy. (rN+)
You are resistant to electric shocks. (rElec)
You can survive without breathing.
You are immune to petrification.
You are immune to rotting.


Message History

Confirm with . or Enter, or press ? or * to list all spells.
Aiming: Sandblast (safe; 1% risk of failure)
Press: ? - help, Shift-Dir - straight line, f/p - ogre
Aim: an ogre, wielding a +0 giant spiked club (lightly wounded)
The blast of sand hits the ogre!
The ogre is severely wounded.
b - 115 stones The ogre hits you with a +0 giant spiked club!
Ouch! That really hurt!
Casting: Sandblast (safe; 1% risk of failure)
Confirm with . or Enter, or press ? or * to list all spells.
Aiming: Sandblast (safe; 1% risk of failure)
Press: ? - help, Shift-Dir - straight line, f/p - ogre
Aim: an ogre, wielding a +0 giant spiked club (severely wounded)
The blast of sand hits the ogre.
The ogre is almost dead.
b - 114 stones The ogre hits you with a +0 giant spiked club!
Ouch! That really hurt!
You die...

#...........##.#.#
.......
#................####
.......
#............#.#....#
.......
#....#######.....##..
....... #....#
###....†[. .......
#....# #######.
....... #....# ### ##
....... #....##.....
# .......
#...@O...... #
....... #.........<.
# .......
#........... ....##'
#.##8..8##.. ......
... #...._# . ....###
.?.. ##..### ......
..... ... ...... ...
..##


You could see an ogre.

Vanquished Creatures
  An orc priest (D:3)
  4 adders
  A worm (D:2)
  3 dart slugs
  2 leopard geckos
  7 orcs (D:3)
  10 bats
  2 giant cockroaches
  9 goblins
  7 hobgoblins
  10 jackals
  6 kobolds
  A quokka (D:2)
  A ball python (D:2)
  4 frilled lizards
  10 rats
78 creatures vanquished.

Notes
Turn   | Place    | Note
-------+----------+-------------------------------------------
     0 | D:1      | Errates the Gargoyle Earth Elementalist began the quest for
                  | the Orb.
     0 | D:1      | Reached XP level 1. HP: 10/10 MP: 3/3
    93 | D:1      | Reached XP level 2. HP: 10/15 MP: 1/5
   258 | D:1      | Reached skill level 4 in Earth Magic
   861 | D:1      | Reached XP level 3. HP: 8/19 MP: 4/7
  1992 | D:2      | Reached XP level 4. HP: 11/24 MP: 5/8
  2210 | D:2      | Reached skill level 5 in Earth Magic
  2824 | D:3      | Learned a level 3 spell: Stone Arrow
  3084 | D:3      | Reached XP level 5. HP: 28/28 MP: 8/10
  3112 | D:3      | Reached skill level 1 in Conjurations
  3504 | D:3      | Found a basalt altar of Yredelemnul.
  3505 | D:3      | Noticed an ogre
  3511 | D:3      | Slain by an ogre

Illustrated notes

Levels and vault maps discovered:
D:1:      dpeg_arrival_short_road, layout_loops_ring, serial_bayou_pond_e
D:2:      layout_rooms, minmay_hexomino_u4
D:3:      layout_basic, minitemple

Skill      XL: |  1  2  3  4  5 |
---------------+----------------+-----
Earth Magic    | 4 5 |  5.5
Spellcasting   | 3 |  3.7
Conjurations   | 1 |  1.2
Dodging        | |  1.5
Stealth        | |  2.1
Transmutations | |  0.7

Action                   |  1- 3 |  4- 6 || total
-------------------------+-------+-------++-------
Melee: Unarmed           |    13 |       ||    13
       Dagger            |   154 |    98 ||   252
       Flail             |       |    41 ||    41
 Cast: Sandblast         |    33 |    19 ||    52
       Stone Arrow       |       |     1 ||     1
  Use: Scroll            |     3 |     7 ||    10
 Stab: Sleeping          |       |     1 ||     1
Armor: Robe              |    70 |    69 ||   139
Dodge: Dodged            |   132 |   130 ||   262

Table legend: (Time is in decaauts)
 A = Elapsed time spent in this place.
 B = Non-inter-level travel time spent in this place.
 C = Inter-level travel time spent in this place.
 D = Time resting spent in this place.
 E = Time spent auto-exploring this place.
 F = Levels seen in this place.
 G = Mean time per level.
                   A        B        C        D        E       F      G
               +--------+--------+--------+--------+--------+-----+--------+
         Total |   3529 |   3436 |     93 |    915 |   1777 |   3 | 1176.3 |
       Dungeon |   3529 |   3436 |     93 |    915 |   1777 |   3 | 1176.3 |
               +--------+--------+--------+--------+--------+-----+--------+

Top non-repeatable levels by time:
     D:1: 1772 daAuts
     D:2: 1209 daAuts
     D:3: 547 daAuts
